 Dungeon Crawl Stone Soup version 0.16-a0-3963-gf3423b3 (webtiles) character file.

134 Gronka the Shield-Bearer (level 5, -3/41 HPs)
             Began as a Human Fighter on Feb 10, 2015.
             Killed from afar by an orc wizard (5 damage)
             ... with a magic dart
             ... on level 3 of the Dungeon.
             The game lasted 00:04:53 (2217 turns).

Gronka the Shield-Bearer (Human Fighter)            Turns: 2217, Time: 00:04:54

Health: -3/41      AC:  9    Str: 18    XL:     5   Next: 40%
Magic:  5/5        EV:  5    Int: 10    God:
Gold:   83         SH:  9    Dex: 12    Spells: 0 memorised, 4 levels left

rFire  . . .     SeeInvis .     a - +0 trident
rCold  . . .     Clarity  +     j - +0 chain mail
rNeg   . . .     SustAb   .     c - +0 shield
rPois  .         Gourm    .     (no helmet)
rElec  .         Spirit   .     (no cloak)
rCorr  .         Warding  .     (no gloves)
rMut   .         Stasis   .     (no boots)
MR     .....                    (no amulet)
Stlth  ..........               (no ring)
                                v - +1 ring of slaying

@: very slightly contaminated, hasted, very quick, not resistant to hostile
enchantments, extremely unstealthy
A: clarity, clever 1, screaming 1
a: no special abilities


You were on level 3 of the Dungeon.
You were hungry.

You visited 1 branch of the dungeon, and saw 3 of its levels.

You collected 83 gold pieces.

Inventory:

Hand weapons
 a - a +0 trident (weapon)
Armour
 b - a +0 scale mail
 c - a +0 shield (worn)
 j - a +0 chain mail (worn)
Jewellery
 v - a +1 ring of slaying (left hand)
Magical devices
 s - a wand of fire (6)
 t - a wand of lightning (3)
Scrolls
 d - a scroll of noise
 g - a scroll of random uselessness
 k - a scroll of magic mapping
 l - a scroll of remove curse {unknown}
 o - a scroll of enchant armour {unknown}
Potions
 e - 2 potions of might
 i - a potion of haste
 r - 2 potions of brilliance
Books
 n - a book of Ice

   Spells                             Type                      Level
   a - Ice Form                       Ice/Transmutation            4
   b - Metabolic Englaciation         Hexes/Ice                    5
   c - Ozocubu's Refrigeration        Ice                          6
   d - Bolt of Cold                   Conjuration/Ice              6
   e - Freezing Cloud                 Conjuration/Ice/Air          6
   f - Simulacrum                     Ice/Necromancy               6
Comestibles
 h - a meat ration
 m - a beef jerky
 q - 3 fruits
 u - a bread ration


   Skills:
 + Level 3.6 Fighting
 + Level 2.8 Polearms
 + Level 3.7 Armour
 + Level 1.7 Dodging
 + Level 3.7 Shields


You had 4 spell levels left.
You didn't know any spells.

Dungeon Overview and Level Annotations

Branches:
Dungeon (3/15)

Altars:


Innate Abilities, Weirdness & Mutations

You possess an exceptional clarity of mind.
Your mind is acute. (Int +2)
You occasionally shout uncontrollably at your foes.


Message History

You hit the orc wizard but do no damage.
The orc wizard barely misses you.
The orc wizard hits you but does no damage.
You hit the orc wizard.
The orc wizard is lightly wounded.
The orc wizard is no longer moving quickly.
The orc wizard hits you but does no damage.
You barely miss the orc wizard.
The orc wizard is lightly wounded.
The orc wizard points at you and mumbles some strange words.
The puff of frost hits you!
* * * LOW HITPOINT WARNING * * *
Your shield and chain mail prevent you from hitting the orc wizard.
The orc wizard is lightly wounded.
You block the orc wizard's attack.
You miss the orc wizard.
The orc wizard is lightly wounded.
The orc wizard points at you and mumbles some strange words.
The magic dart hits you!
You die...

##### #...# #### #.#.####...#
#.....#..#.# #.#.#.#.##.#
##..........## #..#.#.#..#..#
§§§#######.....÷....#.#
####.goo@...#.#.#.#.#.##
......####..........)..## ###
####..#....##.#...# §
##..÷........#.....#
##..###.#.#.....#.#.. # #..##
#..#........... ## ####.##
##.#.#.#...#.#.# .###
###...(####.....#......)).
#..#####.........<..#.#.#.#.#.#.#


You could see an orc wizard, an orc and a hobgoblin.

Vanquished Creatures
  An orc priest (D:3)
  A hound (D:3)
  An adder (D:3)
  A worm (D:2)
  2 giant geckos
  2 orcs (D:3)
  3 ball pythons
  8 bats
  5 goblins
  12 hobgoblins
  3 quokkas (D:2)
  4 giant cockroaches
  A giant newt (D:2)
  4 kobolds
  7 rats
55 creatures vanquished.

Vanquished Creatures (others)
  An adder (D:3)
1 creature vanquished.

Grand Total: 56 creatures vanquished

Notes
Turn   | Place    | Note
--------------------------------------------------------------
     0 | D:1      | Gronka, the Human Fighter, began the quest for the Orb.
     0 | D:1      | Reached XP level 1. HP: 18/18 MP: 1/1
   164 | D:1      | Reached XP level 2. HP: 22/24 MP: 2/2
   678 | D:2      | Reached XP level 3. HP: 3/29 MP: 3/3
  1801 | D:3      | Reached skill level 1 in Dodging
  1801 | D:3      | Reached XP level 4. HP: 21/35 MP: 4/4
  2061 | D:3      | Reached XP level 5. HP: 33/41 MP: 5/5
  2207 | D:3      | Gained mutation: You occasionally shout uncontrollably at your foes. [potion of mutation]
  2207 | D:3      | Gained mutation: You possess an exceptional clarity of mind. [potion of mutation]
  2207 | D:3      | Gained mutation: Your mind is acute. (Int +2) [potion of mutation]
  2215 | D:3      | HP: 2/41 [orc wizard/puff of frost (4)]
  2217 | D:3      | Killed from afar by an orc wizard

Action                   |  1- 3 |  4- 6 || total
-------------------------+-------+-------++-------
Melee: Trident           |   201 |   117 ||   318
  Use: Scroll            |       |     7 ||     7
       Potion            |       |     2 ||     2
  Eat: Bread ration      |     1 |       ||     1
